 Dungeon Crawl Stone Soup version 0.29-a0-824-gd827844252 (webtiles) character file.

Game seed: 8403115347477161471

226 greasedhog the Shield-Bearer (level 6, -4/53 HPs)
             Began as a Gnoll Fighter on July 9, 2022.
             Slain by Edmund
             ... wielding a +6 flail of protection
              (6 damage)
             ... on level 4 of the Dungeon on July 10, 2022.
             The game lasted 00:07:02 (3468 turns).

greasedhog the Shield-Bearer (Gnoll Fighter)        Turns: 3468, Time: 00:07:02

Health: -4/53      AC:  5    Str: 15    XL:     6   Next: 1%
Magic:  8/8        EV:  8    Int:  8    God:
Gold:   249        SH:  5    Dex: 13    Spells: 8/8 levels left

rFire   . . .      SeeInvis +   a - +1 long sword (elec)
rCold   . . .      Faith    .   c - +0 buckler
rNeg    . . .      Spirit   .   l - +0 leather armour
rPois   .          Reflect  .   (no helmet)
rElec   .          Harm     .   k - scarf {shadows}
rCorr   .          Rampage  .   (no gloves)
Will    .....                   (no boots)
Stlth   ++........              (no amulet)
HPRegen 0.17/turn               j - ring of see invisible
MPRegen 0.11/turn               (no ring)

@: mighty, grasped by roots, constricted
A: fangs 1, strong nose, distributed training, iridescent scales 1
a: no special abilities


You were on level 4 of the Dungeon.
You visited 1 branch of the dungeon, and saw 4 of its levels.

You collected 249 gold pieces.

Inventory:

Hand Weapons
 a - a +1 long sword of electrocution (weapon)
 b - a +0 sling
Missiles
 r - 2 atropa-tipped darts (quivered)
Armour
 c - a +0 buckler (worn)
 k - a scarf of shadows (worn)
 l - a +0 leather armour (worn)
Jewellery
 f - a ring of fire
 j - a ring of see invisible (left hand)
 o - a ring of ice
 q - a ring of flight
Wands
 p - a wand of digging (6)
Scrolls
 g - 2 scrolls of poison
 h - a scroll of vulnerability
 m - a scroll of fog
Potions
 d - 2 potions of might
 e - 2 potions of heal wounds {unknown}
 i - a potion of curing {unknown}
 n - 2 potions of attraction {unknown}


   Skills:
 + Level 6.8 Fighting
 + Level 1.8 Short Blades
 + Level 4.9 Long Blades
 + Level 1.8 Axes
 + Level 1.8 Maces & Flails
 + Level 1.8 Polearms
 + Level 1.8 Staves
 + Level 1.8 Ranged Weapons
 + Level 1.8 Throwing
 + Level 6.8 Armour
 + Level 1.8 Dodging
 + Level 1.8 Stealth
 + Level 6.8 Shields
 + Level 1.8 Unarmed Combat
 + Level 1.8 Spellcasting
 + Level 1.4 Conjurations
 + Level 1.4 Hexes
 + Level 1.4 Summonings
 + Level 1.4 Necromancy
 + Level 1.4 Translocations
 + Level 1.4 Transmutations
 + Level 1.4 Fire Magic
 + Level 1.4 Ice Magic
 + Level 1.4 Air Magic
 + Level 1.4 Earth Magic
 + Level 1.4 Poison Magic
 + Level 2.0 Invocations
 + Level 1.8 Evocations


You had 8 spell levels left.
You didn't know any spells.
Your spell library contained the following spells:

 Spells                   Type           Power      Damage    Failure   Level
 Magic Dart               Conj           12%        1d3       30%         1
 Searing Ray              Conj           6%         2d4       43%         2
 Fulminant Prism          Conj/Hex       1%         3d6       97%         4


Dungeon Overview and Level Annotations

Branches:
Dungeon (4/15)
 Temple: D:4-7

Altars:
Dithmenos

Shops:
D:2 :*=   D:3 =

Annotations:
D:4 Edmund


Innate Abilities, Weirdness & Mutations

You have very sharp teeth.
Your uncanny sense of smell can sniff out nearby items.
Your experience applies equally to all skills.
You are partially covered in iridescent scales. (AC +2)


Message History

The grasping roots constrict you. The roots lose their grip on you.
No target in view!
You shoot a sling bullet.
The sling bullet hits Edmund but does no damage.
Edmund drinks a potion.
Edmund seems to speed up.
You shoot a sling bullet. The sling bullet barely misses Edmund.
You shoot a sling bullet. The sling bullet barely misses Edmund.
Edmund zaps a wand.
The roots erupt in riotous growth!
The grasping roots grab you! The grasping roots constrict you. x2
You hear the crackle of electricity.
a - a +1 long sword of electrocution (weapon)
You block Edmund's attack. The grasping roots constrict you.
You feel very mighty all of a sudden.
Edmund hits you with a +6 flail of protection.
The grasping roots constrict you.
You completely miss Edmund. Your bite misses Edmund.
Edmund hits you but does no damage. The grasping roots constrict you.
A quokka comes into view.
Edmund hits you with a +6 flail of protection.
The grasping roots constrict you.
The grasping roots release their grip on you.
You slash Edmund!
Edmund is moderately wounded.
You block Edmund's attack. Edmund misses you.
You slash Edmund!
Edmund is severely wounded.
Edmund zaps a wand.
The roots erupt in riotous growth!
The grasping roots grab you!
Edmund is unaffected.
The grasping roots constrict you.
* * * LOW HITPOINT WARNING * * *
Edmund hits you with a +6 flail of protection!
* * * LOW HITPOINT WARNING * * *
The grasping roots constrict you.
* * * LOW HITPOINT WARNING * * *
Unknown command.
You barely miss Edmund.
Edmund is severely wounded.
Edmund hits you with a +6 flail of protection.
You die...

. .( ... #############
.... ###............
.....######...###.(...##.
......r@@...### #.....#..
.....######## .......#.#
...# ........#.# ..
.........#.# .##......#.#
...<...#.# #<# #.# #.#


You could see Edmund (fast) and a quokka.

Vanquished Creatures
  2 scorpions (D:3)
  Natasha (D:3)
  2 adders (D:3)
  An orc (D:3)
  7 ball pythons
  8 bats
  3 endoplasms
  2 giant cockroaches
  5 hobgoblins
  4 jackals (D:3)
  4 quokkas
  4 frilled lizards
  8 goblins
  5 kobolds
  5 rats
61 creatures vanquished.

Notes
Turn   | Place    | Note
-------+----------+-------------------------------------------
     0 | D:1      | greasedhog the Gnoll Fighter began the quest for the Orb.
     0 | D:1      | Reached XP level 1. HP: 23/23 MP: 1/1
   423 | D:1      | Reached XP level 2. HP: 29/29 MP: 2/2
   626 | D:1      | Found a faded altar of an unknown god.
  1312 | D:2      | Found Saiptidghop's Book Boutique.
  1327 | D:2      | Reached XP level 3. HP: 13/35 MP: 3/3
  1577 | D:2      | Found Poboru's Assorted Antiques.
  1578 | D:2      | Gained mutation: You are partially covered in iridescent
                  | scales. (AC +2) [potion of mutation]
  1585 | D:2      | Found a shadowy altar of Dithmenos.
  1888 | D:2      | Found Wugesimuu's Jewellery Emporium.
  2165 | D:3      | Reached skill level 1 in Invocations
  2204 | D:3      | Reached skill level 1 in Short Blades
  2204 | D:3      | Reached skill level 1 in Axes
  2204 | D:3      | Reached skill level 1 in Maces & Flails
  2204 | D:3      | Reached skill level 1 in Polearms
  2204 | D:3      | Reached skill level 1 in Staves
  2204 | D:3      | Reached skill level 1 in Ranged Weapons
  2204 | D:3      | Reached skill level 1 in Throwing
  2204 | D:3      | Reached skill level 1 in Dodging
  2204 | D:3      | Reached skill level 1 in Stealth
  2204 | D:3      | Reached skill level 1 in Unarmed Combat
  2204 | D:3      | Reached skill level 1 in Spellcasting
  2204 | D:3      | Reached skill level 1 in Evocations
  2335 | D:3      | Noticed a scorpion
  2537 | D:3      | Found Teramp's Jewellery Shoppe.
  2579 | D:3      | Reached XP level 4. HP: 41/41 MP: 5/5
  2967 | D:3      | Reached skill level 1 in Conjurations
  2967 | D:3      | Reached skill level 1 in Hexes
  2967 | D:3      | Reached skill level 1 in Summonings
  2967 | D:3      | Reached skill level 1 in Necromancy
  2967 | D:3      | Reached skill level 1 in Translocations
  2967 | D:3      | Reached skill level 1 in Transmutations
  2967 | D:3      | Reached skill level 1 in Fire Magic
  2967 | D:3      | Reached skill level 1 in Ice Magic
  2967 | D:3      | Reached skill level 1 in Air Magic
  2967 | D:3      | Reached skill level 1 in Earth Magic
  2967 | D:3      | Reached skill level 1 in Poison Magic
  2989 | D:3      | Noticed Natasha
  2997 | D:3      | Killed Natasha
  3041 | D:3      | Killed a scorpion
  3042 | D:3      | Reached XP level 5. HP: 31/47 MP: 5/7
  3227 | D:3      | Reached XP level 6. HP: 43/53 MP: 8/8
  3455 | D:4      | Noticed Edmund
  3467 | D:4      | HP: 2/53 [constriction (2)]
  3468 | D:4      | Slain by Edmund

Illustrated notes

Levels and vault maps discovered:
D:1:      matt_arrival_grand_opening, layout_loops_corners,
          nicolae_ecumenical_snake_handling, kennysheep_decorative_pillar,
          chequers_serial_rivers_micro_d, hex_medium
D:2:      layout_basic, basic_altar, serial_shops, nicolae_diamond_shop, shop,
          nicolae_shop_hallway_plus, serial_bayou_pond_d
D:3:      layout_basic, serial_shops, shop_statue, uniq_natasha
D:4:      layout_rooms, minivault_23, nicolae_eternal_life, uniq_edmund

Skill      XL: |  1  2  3  4  5 |
---------------+----------------+-----
Invocations    | 1 2 |  2.0
Short Blades   | 1 |  1.8
Axes           | 1 |  1.8
Maces & Flails | 1 |  1.8
Polearms       | 1 |  1.8
Staves         | 1 |  1.8
Ranged Weapons | 1 |  1.8
Throwing       | 1 |  1.8
Dodging        | 1 |  1.8
Stealth        | 1 |  1.8
Unarmed Combat | 1 |  1.8
Spellcasting   | 1 |  1.8
Evocations     | 1 |  1.8
Conjurations   | 1 |  1.4
Hexes          | 1 |  1.4
Summonings     | 1 |  1.4
Necromancy     | 1 |  1.4
Translocations | 1 |  1.4
Transmutations | 1 |  1.4
Fire Magic     | 1 |  1.4
Ice Magic      | 1 |  1.4
Air Magic      | 1 |  1.4
Earth Magic    | 1 |  1.4
Poison Magic   | 1 |  1.4
Fighting       | |  6.8
Long Blades    | |  4.9
Armour         | |  6.8
Shields        | |  6.8

Action                   |  1- 3 |  4- 6 || total
-------------------------+-------+-------++-------
Melee: Long sword        |   135 |    50 ||   185
       Bite              |    12 |     5 ||    17
 Fire: Sling             |       |    33 ||    33
  Use: Scroll            |     7 |     2 ||     9
       Potion            |     1 |     1 ||     2
Armor: Scale mail        |    68 |       ||    68
       Leather armour    |     9 |    15 ||    24
Dodge: Dodged            |    87 |    22 ||   109
Block: Buckler           |    34 |    15 ||    49

Table legend: (Time is in decaauts)
 A = Elapsed time spent in this place.
 B = Non-inter-level travel time spent in this place.
 C = Inter-level travel time spent in this place.
 D = Time resting spent in this place.
 E = Time spent auto-exploring this place.
 F = Levels seen in this place.
 G = Mean time per level.
                   A        B        C        D        E       F      G
               +--------+--------+--------+--------+--------+-----+--------+
         Total |   3509 |   3327 |    182 |    181 |   2500 |   4 |  877.2 |
       Dungeon |   3509 |   3327 |    182 |    181 |   2500 |   4 |  877.2 |
               +--------+--------+--------+--------+--------+-----+--------+

Top non-repeatable levels by time:
     D:1: 1230 daAuts
     D:3: 1215 daAuts
     D:2: 1019 daAuts
     D:4: 43 daAuts
